Sharks vs Oilers

Created - April 28, 2024 at 21:02

Goals
1 2 3 OT1 T
Sharks 1 1 1 1 4
Oilers 2 1 0 0 3
Shots
1 2 3 OT1 T
Sharks 15 12 17 4 48
Oilers 15 10 8 0 33

1st period

1. Oilers , Connor McDavid 2 (Jonas Brodin 1, J.T. Miller 2) at 5:12
2. Oilers , Nick Schmaltz 1 (Sam Bennett 1) at 7:41
3. Sharks , Sidney Crosby 2 (Nikita Kucherov 1, Kevin Shattenkirk 3) at 7:59

Penalties :
Yanni Gourde (EDM) for Roughing (Minor) at 8:44, Mattias Ekholm (SJS) for Interference (Minor) at 16:27, Matthew Benning (EDM) for High sticking (Minor) at 19:43

2nd period

4. Oilers , Sam Reinhart 1 (Brad Marchand 1) at 11:08
5. Sharks , Colton Sissons 2 (Kevin Shattenkirk 4) at 18:45

Penalties :
No Penalty

3rd period

6. Sharks , Ivan Provorov 1 (Patrice Bergeron 2, Kevin Shattenkirk 5) at 6:27

Penalties :
J.T. Miller (EDM) for Tripping (Minor) at 10:13, Ivan Provorov (SJS) for Hooking (Minor) at 10:13

Overtime #1

7. Sharks , Sidney Crosby 3 (Mattias Ekholm 2, Alex Ovechkin 1) at 1:07

Penalties :
No Penalty

Goalie Stats

Akira Schmid (SJS), 30 saves from 33 shots - (0.909), W, 2-0-0, 61:08 minutes
Connor Hellebuyck (EDM), 44 saves from 48 shots - (0.917), OTL, 0-2-1, 61:08 minutes

Players Stats for Sharks

Player Name              G  A  P  +/- PIM S  H  SB GA TA FO     MP     PP MP  PK MP  
------------------------------------------------------------------------------------
Alex Ovechkin            0  1  1   3  0   2  4  1  0  0  1/3    19:30   1:35   0:14 
Alexander Edler          0  0  0   0  0   2  2  1  0  0  0/0    19:14   0:00   1:01 
Andy Andreoff            0  0  0   0  0   0  0  0  0  0  0/0     0:00   0:00   0:00 
Artturi Lehkonen         0  0  0  -2  0   6  2  0  0  0  1/4    24:06   2:23   0:23 
Colton Sissons           1  0  1   1  0   5  1  0  0  0  0/0    13:07   0:00   0:26 
Ivan Provorov            1  0  1   2  2   3  0  3  0  0  0/0    20:36   2:30   1:01 
Jakub Vrana              0  0  0  -2  0   1  0  0  0  0  0/1     9:08   0:00   0:00 
John Tavares             0  0  0   0  0   4  1  0  0  0  0/4    19:16   2:23   0:00 
Kevin Shattenkirk        0  3  3   2  0   0  1  3  0  0  0/0    20:39   1:28   0:58 
Mattias Ekholm           0  1  1  -1  2   1  1  0  0  0  0/0    18:42   0:00   0:00 
Nikita Kucherov          0  1  1   2  0   4  0  0  0  0  0/3    18:04   1:35   0:00 
Niko Mikkola             0  0  0   0  0   1  3  3  0  0  0/0    18:30   0:00   0:00 
Noah Hanifin             0  0  0  -1  0   2  0  2  0  0  0/0    22:03   1:28   0:58 
Patrice Bergeron         0  1  1   0  0   3  0  1  0  0  9/21   18:12   2:30   0:26 
Phillip Danault          0  0  0  -2  0   2  1  0  0  0  7/15   10:38   0:00   1:30 
Ryan O'Reilly            0  0  0   1  0   3  0  0  0  0  17/25  16:03   2:23   0:59 
Sidney Crosby            2  0  2   2  0   6  1  1  0  0  14/29  18:36   1:35   0:00 
Zach Hyman               0  0  0   0  0   3  1  0  0  0  0/2    15:16   0:00   0:00 

Players Stats for Oilers

Player Name              G  A  P  +/- PIM S  H  SB GA TA FO     MP     PP MP  PK MP  
------------------------------------------------------------------------------------
Andre Burakovsky         0  0  0  -2  0   2  0  1  0  0  0/3    16:30   0:59   0:00 
Auston Matthews          0  0  0   0  0   4  1  0  0  0  15/21  18:23   1:00   0:00 
Brad Marchand            0  1  1   0  0   4  6  1  0  0  2/2    19:11   1:13   0:26 
Connor McDavid           1  0  1   1  0   2  1  0  0  0  19/34  18:54   1:13   0:00 
David Kampf              0  0  0   0  0   1  0  0  0  0  7/15    8:19   0:00   2:59 
Ian Cole                 0  0  0  -2  0   1  5  2  0  0  0/0    20:30   0:00   1:57 
J.T. Miller              0  1  1   1  2   4  1  0  0  0  1/3    18:02   1:00   0:59 
Jared Spurgeon           0  0  0   1  0   2  1  0  0  0  0/0    20:49   0:00   2:31 
Jonas Brodin             0  1  1   1  0   0  2  1  0  0  0/0    19:22   0:00   2:01 
Matthew Benning          0  0  0   0  2   0  2  2  0  0  0/0    19:58   0:46   0:53 
Morgan Rielly            0  0  0   0  0   0  1  1  0  0  0/0    19:06   0:46   0:00 
Nick Schmaltz            1  0  1  -2  0   5  0  0  0  0  1/3    16:30   0:59   0:00 
Oskar Sundqvist          0  0  0   0  0   0  2  0  0  0  0/0     5:20   0:00   0:00 
Radek Faksa              0  0  0   0  0   2  1  0  0  0  0/1     8:19   0:00   2:59 
Rasmus Andersson         0  0  0  -2  0   0  0  2  0  0  0/0    20:04   0:00   0:34 
Sam Bennett              0  1  1  -2  0   2  2  0  0  0  10/21  16:30   0:59   0:00 
Sam Reinhart             1  0  1   0  0   3  0  1  0  0  2/2    17:17   1:00   0:00 
Yanni Gourde             0  0  0   1  2   1  2  0  0  0  1/2    16:36   0:00   0:33 

3 Stars

1 - Sidney Crosby (SJS)
2 - Kevin Shattenkirk (SJS)
3 - Alex Ovechkin (SJS)

Power Play

Sharks - 0 on 2 Attempt(s) - 0.00%
Oilers - 0 on 1 Attempt(s) - 0.00%

Penalty Kill

Sharks - 1 on 1 Attempt(s) - 100.00% - Score 0 goal in Penalty Kill
Oilers - 2 on 2 Attempt(s) - 100.00% - Score 0 goal in Penalty Kill

Team Stat

Sharks - Hits : 18 - Faceoff Wins : 49 - Blocked Shots : 15 - Penalty Minutes : 4
Oilers - Hits : 27 - Faceoff Wins : 58 - Blocked Shots : 11 - Penalty Minutes : 6

Official

Referees : Kendrick Nicholson and Jake Brenk
Linesman : Michel Cormier and Jesse Marquis

Game Notes

No Game Note

Finance

Level 1 -- Attendance: 6000 (100.00%) -- Ticket Income $780,000
Level 2 -- Attendance: 5000 (100.00%) -- Ticket Income $225,000
Level 3 -- Attendance: 2000 (100.00%) -- Ticket Income $80,000
Level 4 -- Attendance: 4000 (100.00%) -- Ticket Income $140,000
Luxury Box -- Attendance: 1000 (100.00%) -- Ticket Income $100,000
Game was played at the Rexall Place.
Total Attendance: 18000 (100.00%)
Total Ticket Income: $1,325,000
Other Income: $649,250
Total Income: $1,974,250

Sharks

5 vs 5 Forward 
   Center                   Left Wing                Right Wing               Time % Phy DF OF 
 1 Ryan O'Reilly            Artturi Lehkonen         Colton Sissons           27     0   3  2  
 2 Sidney Crosby            Alex Ovechkin            Nikita Kucherov          27     0   0  5  
 3 Patrice Bergeron         John Tavares             Zach Hyman               27     0   2  3  
 4 Phillip Danault          Jakub Vrana              Artturi Lehkonen         19     0   4  1  

5 vs 5 Defense 
   Defense                  Defense                                           Time % Phy DF OF 
 1 Noah Hanifin             Mattias Ekholm                                    34     1   2  2  
 2 Kevin Shattenkirk        Ivan Provorov                                     33     1   2  2  
 3 Alexander Edler          Niko Mikkola                                      33     1   2  2  
 4 Niko Mikkola             Noah Hanifin                                      0      1   2  2  

PowerPlay Forward 
   Center                   Left Wing                Right Wing               Time % Phy DF OF 
 1 Sidney Crosby            Alex Ovechkin            Nikita Kucherov          60     0   1  4  
 2 Ryan O'Reilly            John Tavares             Artturi Lehkonen         40     0   1  4  

PowerPlay Defense
   Defense                  Defense                                           Time % Phy DF OF 
 1 Ivan Provorov            Patrice Bergeron                                  60     0   1  4  
 2 Noah Hanifin             Kevin Shattenkirk                                 40     0   1  4  

Penalty Kill 4 Players Forward 
   Center                   Wing                     Time % Phy DF OF 
 1 Phillip Danault          Ryan O'Reilly            60     0   5  0  
 2 Patrice Bergeron         Colton Sissons           40     0   5  0  

Penalty Kill 4 Players Defense
   Defense                  Defense                  Time % Phy DF OF 
 1 Alexander Edler          Ivan Provorov            60     0   5  0  
 2 Noah Hanifin             Kevin Shattenkirk        40     0   5  0  

Penalty Kill - 3 Players Forward 
   Forward                                           Time % Phy DF OF 
 1 Colton Sissons                                    60     1   2  2  
 2 Phillip Danault                                   40     1   2  2  

Penalty Kill - 3 Players Defense
   Defense                  Defense                  Time % Phy DF OF 
 1 Niko Mikkola             Ivan Provorov            60     1   2  2  
 2 Noah Hanifin             Kevin Shattenkirk        40     1   2  2  

4 vs 4 Forward 
   Center                   Wing                     Time % Phy DF OF 
 1 John Tavares             Alex Ovechkin            60     0   1  4  
 2 Sidney Crosby            Nikita Kucherov          40     0   1  4  

4 vs 4 Defense
   Defense                  Defense                  Time % Phy DF OF 
 1 Kevin Shattenkirk        Ivan Provorov            60     1   2  2  
 2 Noah Hanifin             Alexander Edler          40     1   2  2  

Last Minutes Offensive
   Center                   Left Wing                Right Wing               Defense                  Defense                  
   Sidney Crosby            Alex Ovechkin            Nikita Kucherov          John Tavares             Kevin Shattenkirk        

Last Minutes Defensive
   Center                   Left Wing                Right Wing               Defense                  Defense                  
   Ryan O'Reilly            Artturi Lehkonen         Colton Sissons           Ivan Provorov            Noah Hanifin             

Goaltenders
Starting : Akira Schmid             
Backup : Vitek Vanecek            

Extra Forwards
Normal : Sidney Crosby, Artturi Lehkonen, Phillip Danault - PP : Patrice Bergeron, Zach Hyman - PK : Artturi Lehkonen
Extra Defensemen
Normal : Kevin Shattenkirk, Niko Mikkola, Noah Hanifin - PP : Kevin Shattenkirk - PK : Niko Mikkola, Ivan Provorov
Penalty Shots
Artturi Lehkonen, Sidney Crosby, Ryan O'Reilly, Nikita Kucherov, Kevin Shattenkirk
Custom OT Lines Forwards
John Tavares, Artturi Lehkonen, Sidney Crosby, Alex Ovechkin, Nikita Kucherov, Zach Hyman, Ryan O'Reilly, Colton Sissons, Patrice Bergeron, Phillip Danault
Custom OT Lines Defensemen
Niko Mikkola, Noah Hanifin, Ivan Provorov, Alexander Edler, Kevin Shattenkirk

Scratches
None

Oilers

5 vs 5 Forward 
   Center                   Left Wing                Right Wing               Time % Phy DF OF 
 1 Connor McDavid           J.T. Miller              Yanni Gourde             33     0   4  1  
 2 Auston Matthews          Brad Marchand            Sam Reinhart             33     0   4  1  
 3 Sam Bennett              Andre Burakovsky         Nick Schmaltz            31     0   4  1  
 4 David Kampf              Radek Faksa              Oskar Sundqvist          3      0   4  1  

5 vs 5 Defense 
   Defense                  Defense                                           Time % Phy DF OF 
 1 Jared Spurgeon           Jonas Brodin                                      33     0   4  1  
 2 Morgan Rielly            Matthew Benning                                   33     0   4  1  
 3 Ian Cole                 Rasmus Andersson                                  33     0   4  1  
 4 Jared Spurgeon           Rasmus Andersson                                  1      0   4  1  

PowerPlay Forward 
   Center                   Left Wing                Right Wing               Time % Phy DF OF 
 1 Auston Matthews          J.T. Miller              Sam Reinhart             60     0   0  5  
 2 Sam Bennett              Andre Burakovsky         Nick Schmaltz            40     0   0  5  

PowerPlay Defense
   Defense                  Defense                                           Time % Phy DF OF 
 1 Connor McDavid           Brad Marchand                                     60     0   0  5  
 2 Connor McDavid           Morgan Rielly                                     40     0   0  5  

Penalty Kill 4 Players Forward 
   Center                   Wing                     Time % Phy DF OF 
 1 David Kampf              Radek Faksa              60     0   5  0  
 2 J.T. Miller              Yanni Gourde             40     0   5  0  

Penalty Kill 4 Players Defense
   Defense                  Defense                  Time % Phy DF OF 
 1 Jared Spurgeon           Jonas Brodin             60     0   5  0  
 2 Ian Cole                 Matthew Benning          40     0   5  0  

Penalty Kill - 3 Players Forward 
   Forward                                           Time % Phy DF OF 
 1 David Kampf                                       60     0   5  0  
 2 J.T. Miller                                       40     0   5  0  

Penalty Kill - 3 Players Defense
   Defense                  Defense                  Time % Phy DF OF 
 1 Jared Spurgeon           Ian Cole                 60     0   5  0  
 2 Matthew Benning          Jonas Brodin             40     0   5  0  

4 vs 4 Forward 
   Center                   Wing                     Time % Phy DF OF 
 1 Connor McDavid           J.T. Miller              60     0   1  4  
 2 Auston Matthews          Sam Reinhart             40     0   1  4  

4 vs 4 Defense
   Defense                  Defense                  Time % Phy DF OF 
 1 Jared Spurgeon           Rasmus Andersson         60     0   2  3  
 2 Morgan Rielly            Matthew Benning          40     0   2  3  

Last Minutes Offensive
   Center                   Left Wing                Right Wing               Defense                  Defense                  
   Auston Matthews          J.T. Miller              Sam Reinhart             Connor McDavid           Brad Marchand            

Last Minutes Defensive
   Center                   Left Wing                Right Wing               Defense                  Defense                  
   David Kampf              J.T. Miller              Yanni Gourde             Jared Spurgeon           Matthew Benning          

Goaltenders
Starting : Connor Hellebuyck        
Backup : Jaroslav Halak           

Extra Forwards
Normal : Connor McDavid, Auston Matthews, J.T. Miller - PP : Auston Matthews, Connor McDavid - PK : Yanni Gourde
Extra Defensemen
Normal : Jared Spurgeon, Jonas Brodin, Morgan Rielly - PP : Matthew Benning - PK : Jared Spurgeon, Rasmus Andersson
Penalty Shots
Connor McDavid, Auston Matthews, J.T. Miller, Rasmus Andersson, David Kampf
Custom OT Lines Forwards
Connor McDavid, Auston Matthews, J.T. Miller, Sam Reinhart, Brad Marchand, Nick Schmaltz, Sam Bennett, Andre Burakovsky, Yanni Gourde, David Kampf
Custom OT Lines Defensemen
Jared Spurgeon, Rasmus Andersson, Morgan Rielly, Jonas Brodin, Matthew Benning

Scratches
None


% Time on Ice - Sharks

Lines # - Real PCT - Wanted PCT - Time Play
Normal Forward
1 - 24% - 27% - 12:41
2 - 30% - 27% - 16:07
3 - 29% - 27% - 15:16
4 - 17% - 19% - 9:08
Normal Defense
1 - 35% - 34% - 18:43
2 - 32% - 33% - 17:06
3 - 32% - 33% - 16:59
4 - 1% - 0% - 0:24
PP Forward
1 - 40% - 60% - 1:35
2 - 60% - 40% - 2:23
PP Defense
1 - 63% - 60% - 2:30
2 - 37% - 40% - 1:28
PK Forward
1 - 78% - 60% - 1:33
2 - 22% - 40% - 0:26
PK Defense
1 - 51% - 60% - 1:01
2 - 49% - 40% - 0:58
PK3 Forward
1 - 0% - 60%
2 - 0% - 40%
PK3 Defense
1 - 0% - 60%
2 - 0% - 40%
44 Forward
1 - 82% - 60% - 1:37
2 - 18% - 40% - 0:22
44 Defense
1 - 56% - 60% - 1:07
2 - 44% - 40% - 0:52
Last Minute Offensive  - 0:00
Last Minute Defensive  - 0:00
Total
Forward - 61:08
Defense - 61:08

% Time on Ice - Oilers

Lines # - Real PCT - Wanted PCT - Time Play
Normal Forward
1 - 30% - 33% - 16:04
2 - 31% - 33% - 16:17
3 - 29% - 31% - 15:31
4 - 10% - 3% - 5:20
Normal Defense
1 - 33% - 33% - 17:21
2 - 33% - 33% - 17:18
3 - 35% - 33% - 18:33
4 - 0% - 1% - 0:00
PP Forward
1 - 50% - 60% - 1:00
2 - 50% - 40% - 0:59
PP Defense
1 - 61% - 60% - 1:13
2 - 39% - 40% - 0:46
PK Forward
1 - 75% - 60% - 2:59
2 - 25% - 40% - 0:59
PK Defense
1 - 51% - 60% - 2:01
2 - 49% - 40% - 1:57
PK3 Forward
1 - 0% - 60%
2 - 0% - 40%
PK3 Defense
1 - 0% - 60%
2 - 0% - 40%
44 Forward
1 - 100% - 60% - 1:59
2 - 0% - 40% - 0:00
44 Defense
1 - 48% - 60% - 0:57
2 - 52% - 40% - 1:02
Last Minute Offensive  - 0:00
Last Minute Defensive  - 0:00
Total
Forward - 61:08
Defense - 61:08

Play-by-Play

1st period


0:01 of 1st period - Ryan O'Reilly wins face-off versus Connor McDavid in neutral zone.
0:12 of 1st period - Shot by Colton Sissons.
0:12 of 1st period - Shot Misses the Net.
0:22 of 1st period - Shot by J.T. Miller.
0:22 of 1st period - Shot Misses the Net.
0:24 of 1st period - Shot by Jared Spurgeon.
0:24 of 1st period - Stopped by Akira Schmid without a rebound.
0:25 of 1st period - Auston Matthews wins face-off versus Sidney Crosby in Sharks zone.
0:41 of 1st period - Matthew Benning is hit by Alex Ovechkin and loses puck.
0:52 of 1st period - Shot by Sam Reinhart.
0:52 of 1st period - Deflect By Brad Marchand.
0:52 of 1st period - Shot Misses the Net.
0:54 of 1st period - Shot by Brad Marchand.
0:54 of 1st period - Shot Misses the Net.
1:16 of 1st period - Shot by Nick Schmaltz.
1:16 of 1st period - Stopped by Akira Schmid without a rebound.
1:17 of 1st period - Sam Bennett wins face-off versus Patrice Bergeron in Sharks zone.
1:23 of 1st period - Sam Bennett is hit by Niko Mikkola and loses puck.
1:43 of 1st period - Zach Hyman is hit by Ian Cole and loses puck.
2:48 of 1st period - Shot by Artturi Lehkonen.
2:48 of 1st period - Stopped by Connor Hellebuyck with a rebound.
2:50 of 1st period - Shot by Noah Hanifin.
2:50 of 1st period - Stopped by Connor Hellebuyck without a rebound.
2:51 of 1st period - Auston Matthews wins face-off versus Sidney Crosby in Oilers zone.
3:09 of 1st period - Shot by Auston Matthews.
3:09 of 1st period - Stopped by Akira Schmid without a rebound.
3:10 of 1st period - David Kampf wins face-off versus Ryan O'Reilly in Sharks zone.
3:15 of 1st period - Shot by David Kampf.
3:15 of 1st period - Deflect By Radek Faksa.
3:15 of 1st period - Stopped by Akira Schmid with a rebound.
4:25 of 1st period - Icing by Zach Hyman.
4:26 of 1st period - Patrice Bergeron wins face-off versus Auston Matthews in Sharks zone.
4:36 of 1st period - Icing by Jonas Brodin.
4:37 of 1st period - Sidney Crosby wins face-off versus Auston Matthews in Oilers zone.
4:40 of 1st period - Shot by Nikita Kucherov.
4:40 of 1st period - Stopped by Connor Hellebuyck without a rebound.
4:41 of 1st period - Connor McDavid wins face-off versus Nikita Kucherov in Oilers zone.
4:43 of 1st period - Icing by J.T. Miller.
4:44 of 1st period - Connor McDavid wins face-off versus Nikita Kucherov in Oilers zone.
4:46 of 1st period - Icing by J.T. Miller.
4:47 of 1st period - Phillip Danault wins face-off versus Yanni Gourde in Oilers zone.
4:53 of 1st period - Icing by Jonas Brodin.
4:54 of 1st period - Connor McDavid wins face-off versus Phillip Danault in Oilers zone.
4:54 of 1st period - Connor McDavid is hit by Artturi Lehkonen.
5:08 of 1st period - Shot by Connor McDavid.
5:08 of 1st period - Shot Blocked by Ivan Provorov.
5:12 of 1st period - Shot by Connor McDavid.
5:12 of 1st period - Goal by Connor McDavid - Sharks : 0 - Oilers : 1.
5:13 of 1st period - Sidney Crosby wins face-off versus Auston Matthews in neutral zone.
5:36 of 1st period - Shot by Nikita Kucherov.
5:36 of 1st period - Shot Misses the Net.
5:46 of 1st period - Shot by Sidney Crosby.
5:46 of 1st period - Stopped by Connor Hellebuyck without a rebound.
5:47 of 1st period - Ryan O'Reilly wins face-off versus Andre Burakovsky in Oilers zone.
5:56 of 1st period - Ryan O'Reilly is hit by Sam Bennett and loses puck.
6:09 of 1st period - Shot by Andre Burakovsky.
6:09 of 1st period - Shot Misses the Net.
6:11 of 1st period - Shot by Rasmus Andersson.
6:11 of 1st period - Shot Blocked by Ivan Provorov.
6:17 of 1st period - Shot by Andre Burakovsky.
6:17 of 1st period - Stopped by Akira Schmid without a rebound.
6:18 of 1st period - Patrice Bergeron wins face-off versus Connor McDavid in Sharks zone.
6:20 of 1st period - Icing by Zach Hyman.
6:21 of 1st period - Patrice Bergeron wins face-off versus Connor McDavid in Sharks zone.
6:33 of 1st period - Off-side.
6:34 of 1st period - Auston Matthews wins face-off versus Artturi Lehkonen in neutral zone.
6:59 of 1st period - Brad Marchand is hit by Niko Mikkola and loses puck.
7:06 of 1st period - Ian Cole is hit by Phillip Danault.
7:16 of 1st period - Shot by Sam Reinhart.
7:16 of 1st period - Stopped by Akira Schmid without a rebound.
7:17 of 1st period - Patrice Bergeron wins face-off versus Connor McDavid in Sharks zone.
7:17 of 1st period - Patrice Bergeron is hit by Yanni Gourde.
7:39 of 1st period - Icing by Mattias Ekholm.
7:40 of 1st period - Sam Bennett wins face-off versus Patrice Bergeron in Sharks zone.
7:41 of 1st period - Shot by Nick Schmaltz.
7:41 of 1st period - Goal by Nick Schmaltz - Sharks : 0 - Oilers : 2.
7:42 of 1st period - Sam Bennett wins face-off versus Sidney Crosby in neutral zone.
7:47 of 1st period - Shot by Nick Schmaltz.
7:47 of 1st period - Shot Blocked by Kevin Shattenkirk.
7:59 of 1st period - Shot by Sidney Crosby.
7:59 of 1st period - Goal by Sidney Crosby - Sharks : 1 - Oilers : 2.
8:00 of 1st period - Connor McDavid wins face-off versus Ryan O'Reilly in neutral zone.
8:03 of 1st period - Shot by J.T. Miller.
8:03 of 1st period - Shot Blocked by Noah Hanifin.
8:09 of 1st period - Shot by Noah Hanifin.
8:09 of 1st period - Stopped by Connor Hellebuyck without a rebound.
8:10 of 1st period - Patrice Bergeron wins face-off versus Nick Schmaltz in Oilers zone.
8:36 of 1st period - Jared Spurgeon is hit by Zach Hyman and loses puck.
8:41 of 1st period - Shot by Andre Burakovsky.
8:41 of 1st period - Stopped by Akira Schmid without a rebound.
8:42 of 1st period - Ryan O'Reilly wins face-off versus Connor McDavid in Sharks zone.
8:44 of 1st period - Minor Penalty to Yanni Gourde for Roughing.
8:45 of 1st period - David Kampf wins face-off versus Sidney Crosby in Oilers zone.
8:51 of 1st period - Icing by Kevin Shattenkirk.
8:52 of 1st period - Sidney Crosby wins face-off versus David Kampf in Sharks zone.
9:20 of 1st period - Shot by Alex Ovechkin.
9:20 of 1st period - Stopped by Connor Hellebuyck without a rebound.
9:21 of 1st period - Ryan O'Reilly wins face-off versus David Kampf in Oilers zone.
9:26 of 1st period - Shot by John Tavares.
9:26 of 1st period - Shot Blocked by Jonas Brodin.
9:28 of 1st period - Shot by Patrice Bergeron.
9:28 of 1st period - Stopped by Connor Hellebuyck without a rebound.
9:29 of 1st period - Ryan O'Reilly wins face-off versus David Kampf in Oilers zone.
9:40 of 1st period - Shot by John Tavares.
9:40 of 1st period - Shot Misses the Net.
9:59 of 1st period - Icing by Ivan Provorov.
10:00 of 1st period - Ryan O'Reilly wins face-off versus J.T. Miller in Sharks zone.
10:00 of 1st period - Ryan O'Reilly is hit by Brad Marchand.
10:25 of 1st period - Icing by Ivan Provorov.
10:26 of 1st period - Ryan O'Reilly wins face-off versus Radek Faksa in Sharks zone.
10:26 of 1st period - Ryan O'Reilly is hit by Radek Faksa.
10:29 of 1st period - Icing by Patrice Bergeron.
10:30 of 1st period - Ryan O'Reilly wins face-off versus David Kampf in Sharks zone.
10:37 of 1st period - Shot by Patrice Bergeron.
10:37 of 1st period - Shot Misses the Net.
10:51 of 1st period - Shot by Sidney Crosby.
10:51 of 1st period - Shot Misses the Net.
10:53 of 1st period - Shot by Niko Mikkola.
10:53 of 1st period - Shot Misses the Net.
10:55 of 1st period - Shot by Alex Ovechkin.
10:55 of 1st period - Shot Misses the Net.
11:03 of 1st period - Shot by Nikita Kucherov.
11:03 of 1st period - Shot Blocked by Matthew Benning.
11:05 of 1st period - Shot by Niko Mikkola.
11:05 of 1st period - Shot Misses the Net.
11:07 of 1st period - Shot by Alexander Edler.
11:07 of 1st period - Stopped by Connor Hellebuyck without a rebound.
11:08 of 1st period - Auston Matthews wins face-off versus Phillip Danault in Oilers zone.
11:19 of 1st period - Shot by Auston Matthews.
11:19 of 1st period - Deflect By Brad Marchand.
11:19 of 1st period - Shot Misses the Net.
11:38 of 1st period - Shot by Artturi Lehkonen.
11:38 of 1st period - Stopped by Connor Hellebuyck with a rebound.
11:53 of 1st period - Off-side.
11:54 of 1st period - Connor McDavid wins face-off versus Sidney Crosby in neutral zone.
11:54 of 1st period - Yanni Gourde is hit by Alex Ovechkin.
12:20 of 1st period - Shot by Sidney Crosby.
12:20 of 1st period - Stopped by Connor Hellebuyck without a rebound.
12:21 of 1st period - Sam Bennett wins face-off versus Patrice Bergeron in Oilers zone.
13:38 of 1st period - Shot by Sam Reinhart.
13:38 of 1st period - Stopped by Akira Schmid without a rebound.
13:39 of 1st period - Ryan O'Reilly wins face-off versus Connor McDavid in Sharks zone.
13:54 of 1st period - Shot by J.T. Miller.
13:54 of 1st period - Stopped by Akira Schmid without a rebound.
13:55 of 1st period - Auston Matthews wins face-off versus Phillip Danault in Sharks zone.
14:16 of 1st period - Shot by Sam Reinhart.
14:16 of 1st period - Shot Misses the Net.
14:32 of 1st period - Shot by Phillip Danault.
14:32 of 1st period - Stopped by Connor Hellebuyck without a rebound.
14:33 of 1st period - Connor McDavid wins face-off versus Patrice Bergeron in Oilers zone.
14:47 of 1st period - Off-side.
14:48 of 1st period - Sidney Crosby wins face-off versus Sam Bennett in neutral zone.
14:51 of 1st period - Shot by Nikita Kucherov.
14:51 of 1st period - Stopped by Connor Hellebuyck without a rebound.
14:52 of 1st period - Connor McDavid wins face-off versus Patrice Bergeron in Oilers zone.
14:59 of 1st period - Shot by Yanni Gourde.
14:59 of 1st period - Shot Misses the Net.
16:27 of 1st period - Minor Penalty to Mattias Ekholm for Interference.
16:28 of 1st period - Auston Matthews wins face-off versus Phillip Danault in Sharks zone.
16:41 of 1st period - Shot by Connor McDavid.
16:41 of 1st period - Stopped by Akira Schmid without a rebound.
16:42 of 1st period - Sam Bennett wins face-off versus Phillip Danault in Sharks zone.
17:05 of 1st period - Shot by Brad Marchand.
17:05 of 1st period - Stopped by Akira Schmid without a rebound.
17:06 of 1st period - Phillip Danault wins face-off versus Auston Matthews in Sharks zone.
17:06 of 1st period - Phillip Danault is hit by Auston Matthews.
17:18 of 1st period - Shot by Artturi Lehkonen.
17:18 of 1st period - Shot Misses the Net.
17:36 of 1st period - Ivan Provorov is hit by J.T. Miller and loses puck.
18:08 of 1st period - Icing by Sam Bennett.
18:09 of 1st period - Phillip Danault wins face-off versus Andre Burakovsky in Oilers zone.
18:12 of 1st period - Shot by Phillip Danault.
18:12 of 1st period - Stopped by Connor Hellebuyck without a rebound.
18:13 of 1st period - Phillip Danault wins face-off versus Sam Bennett in Oilers zone.
18:13 of 1st period - Kevin Shattenkirk is hit by Brad Marchand and loses puck.
18:46 of 1st period - Sidney Crosby is hit by Oskar Sundqvist and loses puck.
19:00 of 1st period - Icing by Jonas Brodin.
19:01 of 1st period - Patrice Bergeron wins face-off versus David Kampf in Oilers zone.
19:07 of 1st period - Off-side.
19:08 of 1st period - Auston Matthews wins face-off versus Ryan O'Reilly in neutral zone.
19:11 of 1st period - Shot by Rasmus Andersson.
19:11 of 1st period - Shot Misses the Net.
19:19 of 1st period - Shot by Sam Reinhart.
19:19 of 1st period - Shot Misses the Net.
19:21 of 1st period - Shot by Brad Marchand.
19:21 of 1st period - Stopped by Akira Schmid with a rebound.
19:25 of 1st period - Shot by Brad Marchand.
19:25 of 1st period - Stopped by Akira Schmid without a rebound.
19:26 of 1st period - Alex Ovechkin wins face-off versus Sam Bennett in Sharks zone.
19:43 of 1st period - Minor Penalty to Matthew Benning for High sticking.
19:44 of 1st period - David Kampf wins face-off versus Ryan O'Reilly in Oilers zone.
19:57 of 1st period - Shot by John Tavares.
19:57 of 1st period - Stopped by Connor Hellebuyck without a rebound.
19:58 of 1st period - Sidney Crosby wins face-off versus David Kampf in Oilers zone.
Goals for this period are 1 for Sharks vs 2 for Oilers.
Shots for this period are 15 for Sharks vs 15 for Oilers.

2nd period


0:01 of 2nd period - David Kampf wins face-off versus Alex Ovechkin in neutral zone.
0:11 of 2nd period - Patrice Bergeron is hit by Ian Cole and loses puck.
0:19 of 2nd period - Icing by Patrice Bergeron.
0:20 of 2nd period - David Kampf wins face-off versus Sidney Crosby in Sharks zone.
0:35 of 2nd period - Shot by David Kampf.
0:35 of 2nd period - Stopped by Akira Schmid without a rebound.
0:36 of 2nd period - Ryan O'Reilly wins face-off versus J.T. Miller in Sharks zone.
2:08 of 2nd period - Shot by Jakub Vrana.
2:08 of 2nd period - Stopped by Connor Hellebuyck without a rebound.
2:09 of 2nd period - Connor McDavid wins face-off versus Sidney Crosby in Oilers zone.
2:09 of 2nd period - J.T. Miller is hit by Alex Ovechkin and loses puck.
2:32 of 2nd period - Shot by Yanni Gourde.
2:32 of 2nd period - Stopped by Akira Schmid without a rebound.
2:33 of 2nd period - Sam Bennett wins face-off versus Zach Hyman in Sharks zone.
2:42 of 2nd period - Shot by Nick Schmaltz.
2:42 of 2nd period - Shot Blocked by Ivan Provorov.
2:44 of 2nd period - Shot by Ian Cole.
2:44 of 2nd period - Stopped by Akira Schmid without a rebound.
2:45 of 2nd period - Auston Matthews wins face-off versus Sidney Crosby in Sharks zone.
2:48 of 2nd period - Shot by Brad Marchand.
2:48 of 2nd period - Stopped by Akira Schmid without a rebound.
2:49 of 2nd period - Auston Matthews wins face-off versus Patrice Bergeron in Sharks zone.
3:03 of 2nd period - Shot by Sam Reinhart.
3:03 of 2nd period - Deflect By Auston Matthews.
3:03 of 2nd period - Stopped by Akira Schmid with a rebound.
3:05 of 2nd period - Shot by Ian Cole.
3:05 of 2nd period - Shot Misses the Net.
4:11 of 2nd period - Shot by Colton Sissons.
4:11 of 2nd period - Shot Misses the Net.
4:13 of 2nd period - Shot by Colton Sissons.
4:13 of 2nd period - Stopped by Connor Hellebuyck without a rebound.
4:14 of 2nd period - Sidney Crosby wins face-off versus Connor McDavid in Oilers zone.
4:17 of 2nd period - Shot by Alex Ovechkin.
4:17 of 2nd period - Shot Misses the Net.
4:25 of 2nd period - Shot by Nikita Kucherov.
4:25 of 2nd period - Stopped by Connor Hellebuyck without a rebound.
4:26 of 2nd period - David Kampf wins face-off versus Jakub Vrana in Oilers zone.
5:15 of 2nd period - Shot by Connor McDavid.
5:15 of 2nd period - Deflect By J.T. Miller.
5:15 of 2nd period - Stopped by Akira Schmid without a rebound.
5:16 of 2nd period - Sidney Crosby wins face-off versus Connor McDavid in Sharks zone.
5:39 of 2nd period - Icing by Niko Mikkola.
5:40 of 2nd period - Sam Bennett wins face-off versus Alex Ovechkin in Sharks zone.
5:44 of 2nd period - Icing by Sidney Crosby.
5:45 of 2nd period - Sidney Crosby wins face-off versus Sam Bennett in Sharks zone.
5:56 of 2nd period - Shot by Nikita Kucherov.
5:56 of 2nd period - Stopped by Connor Hellebuyck without a rebound.
5:57 of 2nd period - Auston Matthews wins face-off versus Ryan O'Reilly in Oilers zone.
6:05 of 2nd period - Off-side.
6:06 of 2nd period - Yanni Gourde wins face-off versus Ryan O'Reilly in neutral zone.
6:08 of 2nd period - J.T. Miller is hit by Kevin Shattenkirk and loses puck.
6:14 of 2nd period - Ryan O'Reilly is hit by Jared Spurgeon and loses puck.
6:19 of 2nd period - Shot by Ryan O'Reilly.
6:19 of 2nd period - Stopped by Connor Hellebuyck without a rebound.
6:20 of 2nd period - Auston Matthews wins face-off versus Patrice Bergeron in Oilers zone.
6:33 of 2nd period - Shot by John Tavares.
6:33 of 2nd period - Shot Misses the Net.
6:35 of 2nd period - Shot by Alexander Edler.
6:35 of 2nd period - Stopped by Connor Hellebuyck without a rebound.
6:36 of 2nd period - Ryan O'Reilly wins face-off versus Sam Bennett in Oilers zone.
7:07 of 2nd period - Shot by Nick Schmaltz.
7:07 of 2nd period - Stopped by Akira Schmid without a rebound.
7:08 of 2nd period - Connor McDavid wins face-off versus Sidney Crosby in Sharks zone.
7:11 of 2nd period - Shot by J.T. Miller.
7:11 of 2nd period - Shot Misses the Net.
7:14 of 2nd period - Icing by Niko Mikkola.
7:15 of 2nd period - Connor McDavid wins face-off versus Sidney Crosby in Sharks zone.
7:33 of 2nd period - Connor McDavid is hit by Alexander Edler and loses puck.
7:50 of 2nd period - Shot by Alex Ovechkin.
7:50 of 2nd period - Shot Misses the Net.
7:55 of 2nd period - J.T. Miller is hit by Alex Ovechkin and loses puck.
8:33 of 2nd period - Noah Hanifin is hit by Ian Cole and loses puck.
8:37 of 2nd period - Colton Sissons is hit by Ian Cole and loses puck.
9:48 of 2nd period - Shot by John Tavares.
9:48 of 2nd period - Stopped by Connor Hellebuyck without a rebound.
9:49 of 2nd period - David Kampf wins face-off versus Patrice Bergeron in Oilers zone.
9:51 of 2nd period - Matthew Benning is hit by John Tavares.
9:55 of 2nd period - Shot by David Kampf.
9:55 of 2nd period - Shot Misses the Net.
9:57 of 2nd period - Shot by Matthew Benning.
9:57 of 2nd period - Shot Misses the Net.
9:59 of 2nd period - Shot by David Kampf.
9:59 of 2nd period - Deflect By Radek Faksa.
9:59 of 2nd period - Stopped by Akira Schmid without a rebound.
10:00 of 2nd period - Sidney Crosby wins face-off versus Connor McDavid in Sharks zone.
11:00 of 2nd period - Shot by Sam Bennett.
11:00 of 2nd period - Stopped by Akira Schmid without a rebound.
11:01 of 2nd period - Brad Marchand wins face-off versus Phillip Danault in Sharks zone.
11:04 of 2nd period - Shot by Sam Reinhart.
11:04 of 2nd period - Shot Blocked by Noah Hanifin.
11:08 of 2nd period - Shot by Sam Reinhart.
11:08 of 2nd period - Goal by Sam Reinhart - Sharks : 1 - Oilers : 3.
11:09 of 2nd period - Ryan O'Reilly wins face-off versus Andre Burakovsky in neutral zone.
11:38 of 2nd period - Off-side.
11:39 of 2nd period - Auston Matthews wins face-off versus John Tavares in neutral zone.
11:52 of 2nd period - Shot by Zach Hyman.
11:52 of 2nd period - Shot Misses the Net.
12:26 of 2nd period - John Tavares is hit by Brad Marchand and loses puck.
12:58 of 2nd period - Shot by Sam Bennett.
12:58 of 2nd period - Shot Misses the Net.
13:08 of 2nd period - Shot by Sam Bennett.
13:08 of 2nd period - Shot Blocked by Niko Mikkola.
13:51 of 2nd period - Colton Sissons is hit by Ian Cole and loses puck.
14:28 of 2nd period - Nikita Kucherov is hit by Matthew Benning and loses puck.
14:37 of 2nd period - Nikita Kucherov is hit by Oskar Sundqvist and loses puck.
15:22 of 2nd period - Shot by Artturi Lehkonen.
15:22 of 2nd period - Shot Hit the Post.
15:24 of 2nd period - Shot by Ivan Provorov.
15:24 of 2nd period - Stopped by Connor Hellebuyck without a rebound.
15:25 of 2nd period - Phillip Danault wins face-off versus Sam Bennett in Oilers zone.
15:34 of 2nd period - Shot by Artturi Lehkonen.
15:34 of 2nd period - Shot Misses the Net.
16:10 of 2nd period - Icing by Mattias Ekholm.
16:11 of 2nd period - Auston Matthews wins face-off versus Phillip Danault in Sharks zone.
16:18 of 2nd period - Shot by Brad Marchand.
16:18 of 2nd period - Shot Misses the Net.
16:34 of 2nd period - Artturi Lehkonen is hit by Jonas Brodin and loses puck.
18:37 of 2nd period - Shot by Nick Schmaltz.
18:37 of 2nd period - Shot Blocked by Kevin Shattenkirk.
18:45 of 2nd period - Shot by Colton Sissons.
18:45 of 2nd period - Goal by Colton Sissons - Sharks : 2 - Oilers : 3.
18:46 of 2nd period - Patrice Bergeron wins face-off versus David Kampf in neutral zone.
18:53 of 2nd period - Zach Hyman is hit by Morgan Rielly.
19:03 of 2nd period - Shot by Zach Hyman.
19:03 of 2nd period - Shot Blocked by Morgan Rielly.
19:05 of 2nd period - Shot by Noah Hanifin.
19:05 of 2nd period - Shot Misses the Net.
19:07 of 2nd period - Shot by Niko Mikkola.
19:07 of 2nd period - Shot Blocked by Matthew Benning.
19:09 of 2nd period - Shot by Zach Hyman.
19:09 of 2nd period - Stopped by Connor Hellebuyck without a rebound.
19:10 of 2nd period - Connor McDavid wins face-off versus Artturi Lehkonen in Oilers zone.
19:31 of 2nd period - Shot by Colton Sissons.
19:31 of 2nd period - Stopped by Connor Hellebuyck without a rebound.
19:32 of 2nd period - Auston Matthews wins face-off versus Sidney Crosby in Oilers zone.
19:41 of 2nd period - Shot by Sam Reinhart.
19:41 of 2nd period - Shot Blocked by Kevin Shattenkirk.
19:57 of 2nd period - Shot by Sidney Crosby.
19:57 of 2nd period - Stopped by Connor Hellebuyck without a rebound.
19:58 of 2nd period - Patrice Bergeron wins face-off versus Connor McDavid in Oilers zone.
19:58 of 2nd period - Zach Hyman is hit by Matthew Benning and loses puck.
Goals for this period are 1 for Sharks vs 1 for Oilers.
Shots for this period are 12 for Sharks vs 10 for Oilers.

3rd period


0:01 of 3rd period - Ryan O'Reilly wins face-off versus Sam Bennett in neutral zone.
0:25 of 3rd period - Shot by Nick Schmaltz.
0:25 of 3rd period - Stopped by Akira Schmid with a rebound.
0:30 of 3rd period - Sam Bennett is hit by Mattias Ekholm and loses puck.
1:27 of 3rd period - Kevin Shattenkirk is hit by Yanni Gourde and loses puck.
1:45 of 3rd period - Off-side.
1:46 of 3rd period - Sam Reinhart wins face-off versus Sidney Crosby in neutral zone.
1:53 of 3rd period - Shot by Brad Marchand.
1:53 of 3rd period - Shot Blocked by Niko Mikkola.
2:05 of 3rd period - Shot by Brad Marchand.
2:05 of 3rd period - Shot Misses the Net.
2:07 of 3rd period - Shot by Jared Spurgeon.
2:07 of 3rd period - Deflect By Auston Matthews.
2:07 of 3rd period - Stopped by Akira Schmid without a rebound.
2:08 of 3rd period - Artturi Lehkonen wins face-off versus David Kampf in Sharks zone.
2:37 of 3rd period - Shot by Artturi Lehkonen.
2:37 of 3rd period - Stopped by Connor Hellebuyck without a rebound.
2:38 of 3rd period - Connor McDavid wins face-off versus Sidney Crosby in Oilers zone.
2:50 of 3rd period - Yanni Gourde is hit by Niko Mikkola.
2:52 of 3rd period - Shot by Connor McDavid.
2:52 of 3rd period - Shot Misses the Net.
2:54 of 3rd period - Shot by Jared Spurgeon.
2:54 of 3rd period - Shot Misses the Net.
2:56 of 3rd period - Shot by Jared Spurgeon.
2:56 of 3rd period - Shot Blocked by Niko Mikkola.
2:58 of 3rd period - Shot by Jared Spurgeon.
2:58 of 3rd period - Stopped by Akira Schmid without a rebound.
2:59 of 3rd period - Sam Reinhart wins face-off versus Patrice Bergeron in Sharks zone.
3:24 of 3rd period - Shot by Patrice Bergeron.
3:24 of 3rd period - Shot Misses the Net.
3:32 of 3rd period - Shot by Patrice Bergeron.
3:32 of 3rd period - Shot Blocked by Ian Cole.
3:34 of 3rd period - Shot by Patrice Bergeron.
3:34 of 3rd period - Shot Blocked by Rasmus Andersson.
3:36 of 3rd period - Shot by Ivan Provorov.
3:36 of 3rd period - Deflect By John Tavares.
3:36 of 3rd period - Stopped by Connor Hellebuyck without a rebound.
3:37 of 3rd period - Sam Bennett wins face-off versus Ryan O'Reilly in Oilers zone.
3:37 of 3rd period - Sam Bennett is hit by Artturi Lehkonen.
3:55 of 3rd period - Shot by Sam Bennett.
3:55 of 3rd period - Stopped by Akira Schmid without a rebound.
3:56 of 3rd period - Sidney Crosby wins face-off versus Connor McDavid in Sharks zone.
4:01 of 3rd period - Shot by Alex Ovechkin.
4:01 of 3rd period - Shot Misses the Net.
4:21 of 3rd period - Shot by Connor McDavid.
4:21 of 3rd period - Deflect By J.T. Miller.
4:21 of 3rd period - Shot Blocked by Alex Ovechkin.
4:31 of 3rd period - Shot by Yanni Gourde.
4:31 of 3rd period - Deflect By Connor McDavid.
4:31 of 3rd period - Shot Misses the Net.
4:33 of 3rd period - Shot by Morgan Rielly.
4:33 of 3rd period - Shot Misses the Net.
4:35 of 3rd period - Shot by J.T. Miller.
4:35 of 3rd period - Stopped by Akira Schmid without a rebound.
4:36 of 3rd period - Sam Bennett wins face-off versus Ryan O'Reilly in Sharks zone.
4:59 of 3rd period - Shot by Artturi Lehkonen.
4:59 of 3rd period - Stopped by Connor Hellebuyck without a rebound.
5:00 of 3rd period - Brad Marchand wins face-off versus Zach Hyman in Oilers zone.
5:07 of 3rd period - John Tavares is hit by Brad Marchand.
5:19 of 3rd period - Shot by John Tavares.
5:19 of 3rd period - Stopped by Connor Hellebuyck with a rebound.
5:27 of 3rd period - Shot by Zach Hyman.
5:27 of 3rd period - Stopped by Connor Hellebuyck without a rebound.
5:28 of 3rd period - Phillip Danault wins face-off versus Sam Bennett in Oilers zone.
5:29 of 3rd period - Shot by Artturi Lehkonen.
5:29 of 3rd period - Shot Misses the Net.
6:03 of 3rd period - Shot by Artturi Lehkonen.
6:03 of 3rd period - Stopped by Connor Hellebuyck without a rebound.
6:04 of 3rd period - Sidney Crosby wins face-off versus Connor McDavid in Oilers zone.
6:13 of 3rd period - Shot by J.T. Miller.
6:13 of 3rd period - Stopped by Akira Schmid without a rebound.
6:14 of 3rd period - Auston Matthews wins face-off versus Patrice Bergeron in Sharks zone.
6:25 of 3rd period - Shot by Patrice Bergeron.
6:25 of 3rd period - Shot Misses the Net.
6:27 of 3rd period - Shot by Ivan Provorov.
6:27 of 3rd period - Goal by Ivan Provorov - Sharks : 3 - Oilers : 3.
6:28 of 3rd period - Ryan O'Reilly wins face-off versus Connor McDavid in neutral zone.
6:31 of 3rd period - Connor McDavid is hit by Colton Sissons and loses puck.
6:39 of 3rd period - Icing by Matthew Benning.
6:40 of 3rd period - Connor McDavid wins face-off versus Sidney Crosby in Oilers zone.
6:59 of 3rd period - Icing by Sidney Crosby.
7:00 of 3rd period - Sidney Crosby wins face-off versus Auston Matthews in Sharks zone.
7:59 of 3rd period - Shot by Colton Sissons.
7:59 of 3rd period - Shot Misses the Net.
8:01 of 3rd period - Shot by Colton Sissons.
8:01 of 3rd period - Shot Misses the Net.
8:03 of 3rd period - Shot by Artturi Lehkonen.
8:03 of 3rd period - Shot Blocked by Brad Marchand.
8:05 of 3rd period - Shot by Ryan O'Reilly.
8:05 of 3rd period - Deflect By Artturi Lehkonen.
8:05 of 3rd period - Stopped by Connor Hellebuyck with a rebound.
8:07 of 3rd period - Shot by Noah Hanifin.
8:07 of 3rd period - Shot Blocked by Sam Reinhart.
8:09 of 3rd period - Shot by Colton Sissons.
8:09 of 3rd period - Shot Hit the Post.
8:13 of 3rd period - Shot by Ryan O'Reilly.
8:13 of 3rd period - Stopped by Connor Hellebuyck with a rebound.
8:15 of 3rd period - Shot by Artturi Lehkonen.
8:15 of 3rd period - Shot Misses the Net.
8:45 of 3rd period - Shot by Nick Schmaltz.
8:45 of 3rd period - Stopped by Akira Schmid without a rebound.
8:46 of 3rd period - Sidney Crosby wins face-off versus Connor McDavid in Sharks zone.
9:01 of 3rd period - Shot by Sidney Crosby.
9:01 of 3rd period - Shot Misses the Net.
9:03 of 3rd period - Shot by Niko Mikkola.
9:03 of 3rd period - Stopped by Connor Hellebuyck without a rebound.
9:04 of 3rd period - Patrice Bergeron wins face-off versus Sam Bennett in Oilers zone.
9:10 of 3rd period - Shot by Ivan Provorov.
9:10 of 3rd period - Stopped by Connor Hellebuyck without a rebound.
9:11 of 3rd period - Phillip Danault wins face-off versus Sam Bennett in Oilers zone.
9:33 of 3rd period - Jakub Vrana is hit by Jonas Brodin and loses puck.
9:46 of 3rd period - Shot by Mattias Ekholm.
9:46 of 3rd period - Stopped by Connor Hellebuyck without a rebound.
9:47 of 3rd period - J.T. Miller wins face-off versus Sidney Crosby in Oilers zone.
10:13 of 3rd period - Minor Penalty to J.T. Miller for Tripping.
10:13 of 3rd period - Minor Penalty to Ivan Provorov for Hooking.
10:14 of 3rd period - Connor McDavid wins face-off versus John Tavares in Sharks zone.
10:27 of 3rd period - Shot by John Tavares.
10:27 of 3rd period - Shot Misses the Net.
10:33 of 3rd period - Noah Hanifin is hit by Connor McDavid.
10:43 of 3rd period - Shot by Alex Ovechkin.
10:43 of 3rd period - Stopped by Connor Hellebuyck with a rebound.
11:19 of 3rd period - Shot by Auston Matthews.
11:19 of 3rd period - Stopped by Akira Schmid without a rebound.
11:20 of 3rd period - Sidney Crosby wins face-off versus Connor McDavid in Sharks zone.
11:27 of 3rd period - Shot by Sidney Crosby.
11:27 of 3rd period - Stopped by Connor Hellebuyck without a rebound.
11:28 of 3rd period - Connor McDavid wins face-off versus John Tavares in Oilers zone.
11:40 of 3rd period - Off-side.
11:41 of 3rd period - Connor McDavid wins face-off versus John Tavares in neutral zone.
12:00 of 3rd period - John Tavares is hit by Brad Marchand and loses puck.
12:16 of 3rd period - Icing by Ian Cole.
12:17 of 3rd period - Ryan O'Reilly wins face-off versus Nick Schmaltz in Oilers zone.
12:38 of 3rd period - Shot by Andre Burakovsky.
12:38 of 3rd period - Shot Misses the Net.
14:18 of 3rd period - Shot by Auston Matthews.
14:18 of 3rd period - Shot Misses the Net.
14:20 of 3rd period - Shot by Auston Matthews.
14:20 of 3rd period - Shot Blocked by Sidney Crosby.
14:22 of 3rd period - Shot by Sam Reinhart.
14:22 of 3rd period - Shot Misses the Net.
14:24 of 3rd period - Shot by Auston Matthews.
14:24 of 3rd period - Shot Misses the Net.
14:32 of 3rd period - Nikita Kucherov is hit by Brad Marchand and loses puck.
14:43 of 3rd period - Rasmus Andersson is hit by Sidney Crosby and loses puck.
14:53 of 3rd period - Icing by Connor McDavid.
14:54 of 3rd period - Connor McDavid wins face-off versus Patrice Bergeron in Oilers zone.
15:05 of 3rd period - Shot by Patrice Bergeron.
15:05 of 3rd period - Deflect By Zach Hyman.
15:05 of 3rd period - Shot Blocked by Ian Cole.
15:07 of 3rd period - Shot by Zach Hyman.
15:07 of 3rd period - Stopped by Connor Hellebuyck with a rebound.
15:21 of 3rd period - Shot by Patrice Bergeron.
15:21 of 3rd period - Stopped by Connor Hellebuyck without a rebound.
15:22 of 3rd period - Nick Schmaltz wins face-off versus Artturi Lehkonen in Oilers zone.
15:27 of 3rd period - Phillip Danault is hit by Sam Bennett and loses puck.
15:42 of 3rd period - Shot by Phillip Danault.
15:42 of 3rd period - Shot Blocked by Andre Burakovsky.
17:23 of 3rd period - Shot by Yanni Gourde.
17:23 of 3rd period - Shot Misses the Net.
17:32 of 3rd period - Yanni Gourde is hit by Alexander Edler.
17:34 of 3rd period - Shot by J.T. Miller.
17:34 of 3rd period - Shot Blocked by Alexander Edler.
17:46 of 3rd period - Shot by Connor McDavid.
17:46 of 3rd period - Shot Blocked by Patrice Bergeron.
17:52 of 3rd period - Shot by J.T. Miller.
17:52 of 3rd period - Shot Misses the Net.
19:07 of 3rd period - Icing by Matthew Benning.
19:08 of 3rd period - Ryan O'Reilly wins face-off versus Sam Bennett in Oilers zone.
19:17 of 3rd period - Shot by Ryan O'Reilly.
19:17 of 3rd period - Stopped by Connor Hellebuyck without a rebound.
19:18 of 3rd period - Connor McDavid wins face-off versus Phillip Danault in Oilers zone.
Goals for this period are 1 for Sharks vs 0 for Oilers.
Shots for this period are 17 for Sharks vs 8 for Oilers.

Overtime #1


0:01 of 1st overtime period - Ryan O'Reilly wins face-off versus Auston Matthews in neutral zone.
0:19 of 1st overtime period - Shot by Artturi Lehkonen.
0:19 of 1st overtime period - Shot Misses the Net.
0:21 of 1st overtime period - Shot by Niko Mikkola.
0:21 of 1st overtime period - Shot Misses the Net.
0:23 of 1st overtime period - Shot by Colton Sissons.
0:23 of 1st overtime period - Stopped by Connor Hellebuyck with a rebound.
0:25 of 1st overtime period - Shot by Colton Sissons.
0:25 of 1st overtime period - Shot Misses the Net.
0:27 of 1st overtime period - Shot by Colton Sissons.
0:27 of 1st overtime period - Stopped by Connor Hellebuyck without a rebound.
0:28 of 1st overtime period - Connor McDavid wins face-off versus Patrice Bergeron in Oilers zone.
0:40 of 1st overtime period - Shot by Patrice Bergeron.
0:40 of 1st overtime period - Stopped by Connor Hellebuyck without a rebound.
0:41 of 1st overtime period - Sam Bennett wins face-off versus Nikita Kucherov in Oilers zone.
1:03 of 1st overtime period - Shot by Alex Ovechkin.
1:03 of 1st overtime period - Shot Blocked by Rasmus Andersson.
1:07 of 1st overtime period - Shot by Sidney Crosby.
1:07 of 1st overtime period - Goal by Sidney Crosby - Sharks : 4 - Oilers : 3.
Goals for this period are 1 for Sharks vs 0 for Oilers.
Shots for this period are 4 for Sharks vs 0 for Oilers.